 Dungeon Crawl Stone Soup version 0.30-a0-177-g1cb5dbfd7a (webtiles) character file.

Game seed: 12388971043005592962

123 billz999 the Ogre Mage (level 5, 0/45 HPs)
             Began as an Ogre Air Elementalist on Oct 3, 2022.
             Slain by an iguana (6 damage)
             ... on level 4 of the Dungeon.
             The game lasted 00:10:02 (2530 turns).

billz999 the Ogre Mage (Ogre Air Elementalist)      Turns: 2530, Time: 00:10:03

Health: 0/45       AC:  3    Str: 12    XL:     5   Next: 7%
Magic:  1/11       EV:  9    Int: 18    God:
Gold:   165        SH:  0    Dex:  9    Spells: 12/13 levels left

rFire   . . .      SeeInvis .    (no weapon)
rCold   . . .      Faith    .    (no shield)
rNeg    . . .      Spirit   .    a - +0 robe
rPois   .          Reflect  .    (helmet restricted)
rElec   .          Harm     .    (no cloak)
rCorr   .          Rampage  .    (gloves unavailable)
Will    .....                    (boots unavailable)
Stlth   +.........               (no amulet)
HPRegen 0.27/turn                (no ring)
MPRegen 0.12/turn                (no ring)

@: invisible
A: large, unfitting armour, tough skin 1
a: no special abilities


You were on level 4 of the Dungeon.
You visited 1 branch of the dungeon, and saw 4 of its levels.

You collected 165 gold pieces.

Inventory:

Armour
 a - a +0 robe (worn)
Jewellery
 h - an amulet of the acrobat
Wands
 k - a wand of iceblast (10)
Scrolls
 d - 2 scrolls of teleportation {unknown}
 f - 2 scrolls of identify {unknown}
 g - a scroll of blinking {unknown}
 j - a scroll of poison {unknown}
 l - a scroll of immolation {unknown}
Potions
 b - a potion of magic
 i - a potion of berserk rage {unknown}
 m - a potion of curing {unknown}


   Skills:
 - Level 1.7 Dodging
 - Level 1.4 Stealth
 * Level 4.5 Spellcasting
 + Level 2.2 Conjurations
 + Level 3.2 Air Magic


You had 12 spell levels left.
You knew the following spells:

 Your Spells              Type           Power      Damage    Failure   Level
a - Shock                 Conj/Air       52%        1d6       4%          1

Your spell library contained the following spells:

 Spells                   Type           Power      Damage    Failure   Level
 Static Discharge         Conj/Air       26%        2-4/arc   7%          2
 Swiftness                Air            15%        N/A       11%         3
 Airstrike                Air            7%         2d(2-18)  36%         4


Dungeon Overview and Level Annotations

Branches:
Dungeon (4/15)
 Temple: D:4-7

Altars:


Innate Abilities, Weirdness & Mutations

You are too large for most types of armour.
You have tough skin. (AC +1)


Message History

The iguana barely misses you.
Casting: Shock (safe; 4% risk of failure)
Confirm with . or Enter, or press ? or * to list all spells.
Aiming: Shock (safe; 4% risk of failure)
Press: ? - help, Shift-Dir - straight line The zap hits the iguana.
The iguana is almost dead.
The iguana bites you!
Casting: Shock (safe; 4% risk of failure)
Confirm with . or Enter, or press ? or * to list all spells.
You don't have enough magic to cast this spell.
Unknown command.
You hit the iguana.
The iguana is almost dead.
The iguana barely misses you.
Your magical contamination has completely faded away.
You barely miss the iguana.
The iguana is almost dead.
The iguana barely misses you.
You closely miss the iguana.
The iguana is almost dead.
The iguana barely misses you.
You hit the iguana but do no damage.
The iguana is almost dead.
The iguana bites you.
You closely miss the iguana.
The iguana is almost dead.
The iguana bites you!
* * * LOW HITPOINT WARNING * * *
It was a potion of cancellation.
You feel magically purged. The iguana bites you.
* * * LOW HITPOINT WARNING * * *
Casting: Shock (safe; 4% risk of failure)
Confirm with . or Enter, or press ? or * to list all spells.
You don't have enough magic to cast this spell.
Unknown command.
It was a potion of invisibility.
You fade into invisibility!
The iguana bites you.
You die...

.. #..... ..### #...# .#
..'.###.#.# .# ..#...†.#.#
.# . #####.#.###.# .#
#...(...# .# # ###
##..##### .#.##
#.####...##########....###
##.'............@l.........
#..####...###########...###
..## ##..# ..# .## ##.# .#
## #.# # ......# #.#
......# #.# ..##..# #.
#+###+#


You could see an iguana (unable to see you).

Vanquished Creatures
  A gnoll (D:3)
  6 adders
  2 worms (D:3)
  2 dart slugs
  3 orcs (D:3)
  3 endoplasms
  2 giant cockroaches (D:1)
  4 goblins
  2 hobgoblins
  4 jackals (D:1)
  5 kobolds
  2 quokkas
  2 ball pythons
  4 bats
  3 frilled lizards
  2 rats
47 creatures vanquished.

Vanquished Creatures (others)
  3 plants (D:1)
3 creatures vanquished.

Grand Total: 50 creatures vanquished

Notes
Turn   | Place    | Note
-------+----------+-------------------------------------------
     0 | D:1      | billz999 the Ogre Air Elementalist began the quest for the
                  | Orb.
     0 | D:1      | Reached XP level 1. HP: 16/16 MP: 3/3
   189 | D:1      | Reached XP level 2. HP: 24/24 MP: 0/5
   339 | D:1      | Reached skill level 3 in Spellcasting
   762 | D:1      | Reached skill level 1 in Conjurations
   786 | D:1      | Reached XP level 3. HP: 31/31 MP: 3/7
  1787 | D:3      | Reached XP level 4. HP: 39/39 MP: 6/9
  1878 | D:3      | Reached skill level 4 in Spellcasting
  2497 | D:4      | Reached XP level 5. HP: 45/45 MP: 3/11
  2530 | D:4      | Slain by an iguana

Illustrated notes

Levels and vault maps discovered:
D:1:      minmay_arrival_arboretum_small, layout_loops_ring,
          dreamdust_wishing_well, serial_bayou_pond_a
D:2:      layout_rooms
D:3:      layout_rooms
D:4:      layout_loops_corners, mainiacjoe_overflow_24_doors,
          minmay_temple_entry_mini_moons, kennysheep_potato, uniq_menkaure

Skill      XL: |  1  2  3  4 |
---------------+-------------+-----
Spellcasting   | 3 4 |  4.5
Air Magic      | 3 |  3.2
Conjurations   | 1 2 |  2.2
Dodging        | |  1.7
Stealth        | |  1.4

Action                   |  1- 3 |  4- 6 || total
-------------------------+-------+-------++-------
Melee: Unarmed           |    14 |     7 ||    21
 Cast: Shock             |    75 |    68 ||   143
  Use: Potion            |       |     2 ||     2
Armor: Robe              |     7 |     4 ||    11
Dodge: Dodged            |    21 |    17 ||    38

Table legend: (Time is in decaauts)
 A = Elapsed time spent in this place.
 B = Non-inter-level travel time spent in this place.
 C = Inter-level travel time spent in this place.
 D = Time resting spent in this place.
 E = Time spent auto-exploring this place.
 F = Levels seen in this place.
 G = Mean time per level.
                   A        B        C        D        E       F      G
               +--------+--------+--------+--------+--------+-----+--------+
         Total |   2529 |   2440 |     89 |    458 |   1642 |   4 |  632.2 |
       Dungeon |   2529 |   2440 |     89 |    458 |   1642 |   4 |  632.2 |
               +--------+--------+--------+--------+--------+-----+--------+

Top non-repeatable levels by time:
     D:1: 1083 daAuts
     D:2: 702 daAuts
     D:3: 488 daAuts
     D:4: 255 daAuts
